Map: Abyssal Reef LE

Players

Whiskydog - Winner!

  • Race: Terran Terran
  • Spawn Location: 5:00

haydean

  • Race: Terran Terran
  • League: Bronze
  • Spawn Location: 11:00

VOD

Have the link to the VOD?

Description

Time

  • Played on: May 29, 2017, 9:02 p.m.
  • Length: 21:24
Show
View Real Time Build Order
Export as new Build Order

Whiskydog Terran - Winner!

Build Orders:  

Get SALT Encoding   

  12  0:07  SCV  
  13  0:19  SCV  
  13  0:20  Supply Depot  
  15  0:35  SCV  
  15  0:47  SCV  
  15  0:49  Barracks  
  16  0:59  SCV  
  16  1:01  Supply Depot  
  16  1:03  Refinery  
  17  1:08  Refinery  
  17  1:19  SCV  
  18  1:37  Orbital Command  
  18  1:42  Barracks Reactor  
  18  1:52  Supply Depot  
  18  2:09  Barracks  
  18  2:13  Engineering Bay  
  18  2:14  SCV  
  19  2:15  Supply Depot  
  19  2:20  Marine  
  20  2:33  Marine  
  21  2:44  SCV  
  22  2:46  Supply Depot  
  22  2:51  Terran Infantry Weapons Level 1  
  22  2:57  Barracks Tech Lab  
  22  3:10  Supply Depot  
  22  3:11  Factory  
  22  3:15  Marine x2  
  22  3:18  Marauder  
  26  3:21  SCV  
  27  3:35  Marine  
  27  3:37  Barracks  
  27  3:38  Marine  
  29  3:48  Missile Turret  
  29  3:52  Marauder  
  31  3:58  Factory Tech Lab  
  31  4:04  Marine x2  
  33  4:11  Missile Turret  
  33  4:18  Missile Turret  
  33  4:19  SCV  
  33  4:22  Marine  
  35  4:29  Barracks Reactor  
  37  4:31  Marauder  
  37  4:32  Marine  
  38  4:40  Widow Mine  
  38  4:42  Marine  
  41  5:04  Marine x3  
  44  5:12  Marine x2  
  46  5:22  Marine  
  46  5:23  Marauder  
  46  5:26  Siege Tank  
  52  5:29  SCV  
  52  5:30  Marine x2  
  55  5:41  SCV  
  56  5:44  Marauder  
  56  5:47  Marine x2  
  56  5:48  Marine  
  56  5:49  Marine  
  62  6:13  Marine  
  63  6:41  Command Center  
  63  7:18  Terran Infantry Armor Level 1  
  63  7:35  Supply Depot  
  63  7:42  Supply Depot  
  63  7:53  Siege Tank, Marauder, Marine x4  
  72  7:59  Supply Depot  
  72  8:01  SCV x2  
  74  8:06  Supply Depot  
  74  8:11  Marine x2  
  76  8:13  SCV x2  
  76  8:15  Marauder  
  76  8:16  Refinery  
  76  8:19  Refinery  
  80  8:22  Supply Depot  
  80  8:25  SCV x2  
  82  8:29  Supply Depot  
  82  8:30  Supply Depot  
  82  8:31  Marine  
  82  8:33  Marine  
  84  8:36  Marauder  
  84  8:41  SCV x2  
  88  8:52  Starport  
  88  8:53  Supply Depot  
  88  8:57  Marauder  
  88  9:02  SCV x2  
  92  9:07  Marine  
  92  9:08  Marine x3  
  96  9:18  Supply Depot  
  96  9:19  Marauder  
  96  9:20  Hi-Sec Auto Tracking  
  98  9:30  Starport Reactor  
  98  9:32  SCV x2  
  100  9:42  Supply Depot  
  100  9:44  SCV x2  
  100  9:45  Missile Turret  
  102  9:48  Marine x2  
  102  9:49  Missile Turret  
  106  9:53  Marauder  
  106  9:59  SCV x2  
  108  10:05  Supply Depot, Missile Turret  
  108  10:10  Marine x2  
  108  10:11  Marine x2  
  108  10:14  Marine, SCV x2  
  113  10:18  Medivac  
  117  10:26  SCV  
  118  10:30  Supply Depot  
  118  10:40  Marine x2  
  118  10:41  Marauder  
  118  10:42  Marine  
  123  10:53  Medivac x2, Missile Turret  
  123  10:54  Supply Depot  
  127  10:58  Marine  
  127  11:03  Marauder  
  130  11:24  Marauder  
  132  11:26  Marine x2  
  132  11:27  Marine x2  
  132  11:28  Medivac x2  
  94  12:39  Marine x3  
  94  12:40  Marine x2  
  94  13:18  Marine x2  
  94  13:19  Marine x2  
  96  13:20  Marauder  
  96  13:22  Medivac x2  
  84  13:40  Marine x3  
  84  13:41  Marauder, Marine  
  89  13:52  Medivac  
  88  13:58  Marine x4  
  85  14:03  Marauder  
  87  14:13  SCV  
  87  14:16  Marine x4  
  90  14:24  Marine  
  90  14:29  Medivac x2  
  95  14:33  Command Center  
  95  14:34  Marine x3  
  93  14:47  Marine x2  
  93  14:50  Siege Tank  
  93  14:51  Marine  
  95  15:05  Marauder  
  95  15:10  Marine  
  95  15:11  Marine x3  
  99  15:22  Siege Tank  
  99  15:27  Marauder  
  99  15:28  Barracks x2, Marine x2  
  104  15:29  Marine x2  
  104  15:30  Barracks  
  104  15:34  Command Center  
  108  15:44  Starport  
  108  15:45  Starport  
  108  15:46  Marine  
  108  15:48  Marauder  
  111  15:54  Siege Tank  
  114  15:57  Refinery  
  114  16:04  Marine x2  
  114  16:05  Marine  
  93  16:38  Marine x2  
  95  16:40  Barracks Reactor  
  95  16:41  Barracks Reactor  
  95  16:42  Barracks Tech Lab  
  95  16:44  Starport Reactor  
  95  16:45  Starport Reactor  
  95  16:46  Marine  
  95  16:47  Marine  
  96  16:48  Marine  
  97  17:20  Marine x2  
  97  17:21  Marine x6  
  107  17:25  Marauder  
  107  17:28  Marauder  
  109  17:35  Planetary Fortress  
  109  17:38  Marine x4  
  109  17:39  Marine x3, Orbital Command  
  109  17:44  Refinery  
  116  17:47  Marauder  
  116  17:49  Marauder  
  116  17:50  Marine  
  121  17:54  Siege Tank  
  121  17:56  Medivac x4, Marine x3  
  121  17:57  Medivac x2  
  139  17:58  Marine  
  139  18:00  Marine  
  139  18:01  Marine  
  142  18:08  Marauder  
  142  18:10  Marauder  
  146  18:25  Marine x7  
  146  18:26  Siege Tank, Marine  
  157  18:29  Marauder  
  157  18:32  Marauder  
  161  18:42  Marine  
  161  18:43  Marine x3  
  165  18:51  Marauder  
  165  18:53  Marauder  
  169  19:00  Marine x3  
  169  19:01  Marine  
  173  19:10  Supply Depot  
  173  19:11  Supply Depot  
  173  19:12  Supply Depot  
  173  19:14  Marine x2  
  175  19:17  Marauder x2  
  175  19:20  Marine x3  
  175  19:21  Marine x3  
  185  19:33  Marine x2  
  187  19:39  Marauder x2  
  191  19:46  Marine x4  
  191  19:47  Marine  
  196  20:04  Marine x2  
  196  20:05  Marine  
  196  20:06  Marine  
  178  20:35  Marine x7  
  171  20:36  Marine  
  161  20:55  Marine x5  
  161  20:56  Marine x5  
Show
View Real Time Build Order
Export as new Build Order

haydean Terran 

Build Orders:  

Get SALT Encoding   

  12  0:58  SCV  
  13  1:09  Supply Depot  
  13  1:10  SCV  
  14  1:15  Supply Depot, Refinery  
  14  1:18  Refinery  
  14  1:22  SCV  
  15  1:34  SCV  
  16  1:46  SCV  
  17  2:54  Barracks  
  17  2:58  Barracks  
  17  3:03  SCV  
  17  3:04  Engineering Bay  
  18  3:16  SCV  
  19  3:28  SCV  
  20  3:40  SCV  
  21  3:52  SCV  
  22  3:56  Factory  
  22  3:57  Marine  
  22  3:58  Marine  
  24  4:04  SCV  
  25  4:15  Marine x2  
  25  4:16  SCV  
  28  4:20  Factory  
  28  4:28  SCV  
  29  4:33  Marine x2  
  31  5:06  Supply Depot  
  31  5:10  Supply Depot, Factory Tech Lab  
  31  5:13  Factory Tech Lab  
  31  5:14  Supply Depot  
  31  5:19  Starport  
  31  5:27  Marine x2, SCV  
  34  5:39  SCV  
  35  5:45  Marine x2  
  37  5:50  Siege Tank  
  37  5:52  SCV  
  41  5:57  Starport  
  41  6:03  Marine x2  
  41  6:04  SCV  
  44  6:12  Medivac  
  44  6:16  SCV  
  47  6:20  Marine x2  
  49  6:26  Liberator  
  49  6:35  Starport  
  49  6:38  Marine x2  
  51  6:46  Starport Tech Lab  
  54  6:53  Orbital Command  
  54  6:58  Terran Infantry Weapons Level 1  
  54  7:38  Starport Tech Lab x2  
  54  8:18  Barracks  
  54  8:20  Barracks  
  54  8:30  Barracks  
  54  9:01  Command Center  
  54  9:17  Refinery  
  54  9:30  SCV  
  55  9:34  Barracks Tech Lab  
  55  9:41  Refinery  
  55  9:52  Supply Depot  
  55  9:56  Supply Depot  
  55  9:58  Supply Depot  
  55  10:01  Supply Depot x2  
  55  10:12  Widow Mine x2, SCV, Banshee x3  
  69  10:22  Planetary Fortress  
  69  10:24  Supply Depot, SCV  
  70  10:28  Sensor Tower  
  70  10:35  Sensor Tower  
  70  10:36  SCV  
  70  10:40  Widow Mine x2  
  75  10:48  SCV  
  76  11:09  Widow Mine x2  
  80  11:37  Widow Mine x2  
  84  12:06  Widow Mine x2  
  68  12:34  Widow Mine  
  58  12:58  Marine  
  58  12:59  Marine x3  
  47  13:16  Marine  
  40  13:34  Marine  
  40  13:52  Marine  
  40  13:53  Barracks  
  40  14:02  Marine x2  
  42  14:10  Marine  
  43  14:20  Marine x2  
  45  14:24  Supply Depot  
  45  14:25  Supply Depot  
  45  14:28  Marine  
  46  14:38  Marine x2  
  47  14:42  Barracks  
  48  14:45  Marine  
  48  14:48  Supply Depot  
  48  14:50  Supply Depot  
  49  14:56  Marine x2  
  51  15:03  Marine  
  52  15:13  Marine  
  52  15:14  Marine  
  54  15:21  Marine  
  55  15:31  Barracks, Marine x2  
  57  15:38  Barracks Tech Lab  
  57  15:39  Marine  
  57  15:41  Refinery  
  58  15:47  Marine x2  
  58  15:49  Marine x2  
  62  15:52  Factory Tech Lab  
  62  15:57  Marine  
  63  16:05  Marine x2  
  63  16:06  Starport  
  63  16:07  Starport, Marine x2  
  67  16:14  Marine  
  65  16:23  Marine x2  
  65  16:25  Marine x2  
  67  16:32  Marine  
  68  16:41  Marine x2  
  68  16:42  Marine  
  68  16:43  Marine  
  68  16:44  Starport  
  72  17:11  Command Center  
  72  17:16  Command Center  
  72  17:49  Viking x3  
  78  18:19  Viking x2, Medivac  
  84  18:28  Stimpack  
  84  18:40  Siege Tank  
  87  18:48  Planetary Fortress  
  87  18:49  Medivac  
  89  18:56  Refinery  
  89  19:01  Medivac  
  91  19:14  Planetary Fortress  
  91  19:33  Refinery  
  91  19:38  Refinery  
  91  20:11  Sensor Tower  
  91  20:13  Starport Tech Lab x2  
  91  20:21  Starport Tech Lab  
  89  20:24  Refinery  
  62  20:49  Marine x4  
  62  20:50  Marine x3  
Tags
 
League
Bronze
Matchup
TvT
Race
Terran
Replay Pack
SIII
Spawn Locations
Cross Positions
Add a new tag
Caveats
  • Supply blocks, unpowered buildings, or Contaminate may cause inaccurate times.
  • Supply counts are checked every 10 seconds.